 Dungeon Crawl Stone Soup version 0.25.0-1-g7eea58d2a3 (webtiles) character file.

Game seed: 7148792147659740524

27 diana the Skirmisher (level 2, 0/24 HPs)
             Began as a Demonspawn Fighter on June 14, 2020.
             Slain by an adder (2 damage)
             ... on level 2 of the Dungeon.
             The game lasted 00:01:33 (1232 turns).

diana the Skirmisher (Demonspawn Fighter)           Turns: 1232, Time: 00:01:34

Health: 0/24       AC: 11    Str: 15 (16) XL:     2   Next: 93%
Magic:  2/2        EV:  4    Int:  8 (9)  God:
Gold:   74         SH:  8    Dex: 10 (12) Spells: 1/1 levels left

rFire    . . .     SeeInvis .   a - +0 war axe
rCold    . . .     Gourm    .   c - +0 kite shield
rNeg     . . .     Faith    .   h - +0 plate armour
rPois    .         Spirit   .   (no helmet)
rElec    .         Reflect  .   (no cloak)
rCorr    .         Harm     .   (no gloves)
MR       .....                  (no boots)
Stlth    ..........             (no amulet)
HPRegen  0.08/turn              (no ring)
MPRegen  0.08/turn              (no ring)

@: mighty, lethally poisoned (0 -> -3), stab
A: repulsion field 1
a: no special abilities


You were on level 2 of the Dungeon.
You were very hungry.

You visited 1 branch of the dungeon, and saw 2 of its levels.

You collected 74 gold pieces.

Inventory:

Hand Weapons
 a - a +0 war axe (weapon)
Armour
 c - a +0 kite shield (worn)
 h - a +0 plate armour (worn)
Scrolls
 b - a scroll of teleportation {unknown}
 e - a scroll of fog {unknown}
 k - a scroll of identify {unknown}
 m - a scroll of enchant weapon {unknown}
Potions
 j - a potion of invisibility {unknown}
 l - a potion of heal wounds {unknown}
Comestibles
 f - 2 rations


   Skills:
 + Level 3.3 Fighting
 + Level 2.1 Axes
 + Level 3.0 Armour
 + Level 3.0 Shields


You had one spell level left.
You didn't know any spells.
Your spell library was empty.

Dungeon Overview and Level Annotations

Branches:
Dungeon (2/15)

Altars:
Ashenzari


Innate Abilities, Weirdness & Mutations

You are surrounded by a mild repulsion field. (EV +2)


Message History

The adder is almost dead.
You block the adder's attack. The adder bites you.
You are poisoned.
The adder poisons you!
You miss the adder.
The adder is almost dead.
You feel sick. You block the adder's attack. The adder bites you.
You miss the adder.
The adder is almost dead.
You feel sick. The adder barely misses you. You block the adder's attack.
Your shield and plate armour prevent you from hitting the adder.
The adder is almost dead.
The adder bites you.
* * * LOW HITPOINT WARNING * * *
The adder bites you but does no damage.
You miss the adder.
The adder is almost dead.
* * * LOW HITPOINT WARNING * * *
You feel sick. You block the adder's attack. The adder bites you.
You die...

#.# #.#########
.#...#
#.####..........
.....$
.............##.#
#...%..
#.######..#...#.#
....... ..# #...#
#..##....... #.##
#...# #...........
...#
##..###..S##....#.
#..# #.#...##S# ####
...# #....###@####
##.# #..##.......#
##.######..##.##.##.#
............#.##.# #
.#.#..............
...#.#####.###.####
.#.# . .. #. ##.# ..
# ##.# ..


You could see 2 adders.

Vanquished Creatures
  A leopard gecko (D:1)
  A giant cockroach (D:1)
  3 goblins (D:1)
  3 hobgoblins (D:1)
  2 jackals (D:1)
  4 bats (D:1)
  3 frilled lizards (D:1)
  5 kobolds (D:1)
  2 rats (D:1)
24 creatures vanquished.

Notes
Turn   | Place    | Note
-------+----------+-------------------------------------------
     0 | D:1      | diana the Demonspawn Fighter began the quest for the Orb.
     0 | D:1      | Reached XP level 1. HP: 18/18 MP: 1/1
     3 | D:1      | Noticed an electric eel
     3 | D:1      | Noticed an electric eel
   353 | D:1      | Gained mutation: You are surrounded by a mild repulsion
                  | field. (EV +2) [demonic ancestry]
   353 | D:1      | Reached XP level 2. HP: 19/24 MP: 2/2
  1161 | D:2      | Found a shattered altar of Ashenzari.
  1232 | D:2      | Slain by an adder

Illustrated notes

Levels and vault maps discovered:
D:1:      arrival_aquarium_b, layout_basic
D:2:      layout_loops_ring, marbit_many_paths, ashenzari_altar_1

Skill      XL: |  1  2 |
---------------+-------+-----
Axes           | 2 |  2.1
Armour         | 3 |  3.0
Shields        | 3 |  3.0
Fighting       | |  3.3

Action                   || total
-------------------------++-------
Melee: War axe           ||    98
  Use: Potion            ||     5
Armor: Plate armour      ||    85
       Scale mail        ||     2
Dodge: Dodged            ||    25
Block: Kite shield       ||    57
